 Dungeon Crawl Stone Soup version 0.27-a0-1590-g15f6982 (webtiles) character file.

Game seed: 7346339497412102950

1 Think the Covered (level 1, 0/14 HPs)
             Began as a Tengu Fighter on July 18, 2021.
             Killed from afar by a dart slug (4 damage)
             ... with a slug dart
             ... on level 1 of the Dungeon.
             The game lasted 00:00:24 (85 turns).

Think the Covered (Tengu Fighter)                     Turns: 85, Time: 00:00:24

Health: 0/14       AC:  6    Str: 16    XL:     1   Next: 20%
Magic:  2/2        EV:  6    Int:  8    God:
Gold:   0          SH:  9    Dex: 13    Spells: 0/0 levels left

rFire    . . .     SeeInvis .   a - +0 rapier
rCold    . . .     Faith    .   c - +0 kite shield
rNeg     . . .     Spirit   .   b - +0 scale mail
rPois    .         Reflect  .   (helmet restricted)
rElec    .         Harm     .   (no cloak)
rCorr    .         Rampage  .   (no gloves)
Will     .....                  (boots unavailable)
Stlth    ..........             (no amulet)
HPRegen  0.04/turn              (no ring)
MPRegen  0.08/turn              (no ring)

@: no status effects
A: beak, talons 3
a: no special abilities


You were on level 1 of the Dungeon.
You visited 1 branch of the dungeon, and saw 1 of its levels.

Inventory:

Hand Weapons
 a - a +0 rapier (weapon)
Armour
 b - a +0 scale mail (worn)
 c - a +0 kite shield (worn)
Potions
 d - a potion of might


   Skills:
 - Level 3.0 Fighting
 + Level 2.3 Short Blades
 - Level 3.2 Armour
 - Level 3.0 Shields


You couldn't memorise any spells.
You didn't know any spells.
Your spell library was empty.

Dungeon Overview and Level Annotations

Branches:
Dungeon (1/15)

Altars:


Innate Abilities, Weirdness & Mutations

You have a beak for a mouth.
You have claws for feet.


Message History

You kill the frilled lizard!
No target in view!
No target in view!
A ball python comes into view.
The ball python hisses angrily.
The ball python moves out of view.
A ball python and a dart slug come into view.
You block the ball python's attack. x2
There are monsters nearby!
You barely miss the ball python.
You claw the ball python, but do no damage.
The ball python bites you but does no damage.
You block the ball python's attack. The dart slug launches a dart at you.
The slug dart hits you.
You closely miss the ball python. You claw the ball python.
You kill the ball python!
The dart slug launches a dart at you.
The slug dart hits you but does no damage.
The dart slug barely misses you.
The dart slug bites you but does no damage.
You block the dart slug's attack. The dart slug closely misses you.
The dart slug bites you. The dart slug bites you.
You block the dart slug's attack. The dart slug completely misses you.
The dart slug bites you but does no damage.
You block the dart slug's attack.
The dart slug bites you but does no damage.
The dart slug launches a dart at you. The slug dart misses you.
The dart slug launches a dart at you.
The slug dart hits you but does no damage.
The dart slug bites you but does no damage.
The dart slug bites you.
* * * LOW HITPOINT WARNING * * *
The dart slug launches a dart at you. The slug dart hits you.
You die...

.# .# ..#.## .... ...#
#..### #..#..
########..#.#
......w@..#.######
#######.#.#.##...####
#######.#.#.##...'..#
............##...#..#
######.#.####'####'#
#.#.#.....#<'.#
#.#.#.....########
#####.#.#..8..#.......
#.....#.#.....#.......


You could see a dart slug.

Vanquished Creatures
  A ball python (D:1)
  A frilled lizard (D:1)
2 creatures vanquished.

Notes
Turn   | Place    | Note
-------+----------+-------------------------------------------
     0 | D:1      | Think the Tengu Fighter began the quest for the Orb.
     0 | D:1      | Reached XP level 1. HP: 14/14 MP: 2/2
    85 | D:1      | Killed from afar by a dart slug

Illustrated notes

Levels and vault maps discovered:
D:1:      evilmike_arrival_fibonacci_small, layout_basic

Action                   || total
-------------------------++-------
Melee: Rapier            ||     5
       Kick              ||     3
Armor: Scale mail        ||     7
Dodge: Dodged            ||     5
Block: Kite shield       ||     7

Table legend: (Time is in decaauts)
 A = Elapsed time spent in this place.
 B = Non-inter-level travel time spent in this place.
 C = Inter-level travel time spent in this place.
 D = Time resting spent in this place.
 E = Time spent auto-exploring this place.
 F = Levels seen in this place.
 G = Mean time per level.
                   A        B        C        D        E       F      G
               +--------+--------+--------+--------+--------+-----+--------+
         Total |     86 |     86 |      0 |      0 |     47 |   1 |   86.0 |
       Dungeon |     86 |     86 |      0 |      0 |     47 |   1 |   86.0 |
               +--------+--------+--------+--------+--------+-----+--------+

Top non-repeatable levels by time:
     D:1: 86 daAuts
